 Dungeon Crawl Stone Soup version 0.30-a0-341-g682706514a (webtiles) character file.

Game seed: 11884272245480025297

13198 ytrimaz the Bludgeoner (level 12, -7/204 HPs)
             Began as an Ogre Berserker on Nov 3, 2022.
             Was a High Priest of Trog.
             Killed from afar by an acid dragon (17 damage)
             ... with a splash of acid
             ... on level 10 of the Dungeon.
             The game lasted 00:11:45 (11320 turns).

ytrimaz the Bludgeoner (Ogre Berserker)            Turns: 11320, Time: 00:11:45

Health: -7/204     AC:  7    Str: 28    XL:     12   Next: 3%
Magic:  12/12      EV: 10    Int:  8    God:    Trog [*****.]
Gold:   528        SH:  5    Dex: 10    Spells: 11/11 levels left

rFire   . . .      SeeInvis +    r - +0 giant spiked club (drain)
rCold   + . .      Faith    .    (shield currently unavailable)
rNeg    + . .      Spirit   .    M - +0 troll leather armour
rPois   .          Reflect  +    i - +2 hat
rElec   .          Harm     .    F - scarf {+Inv}
rCorr   .          Rampage  .    (gloves unavailable)
Will    +....                    (boots unavailable)
Stlth   ..........               f - amulet of reflection
HPRegen 1.34/turn                e - ring of see invisible
MPRegen 0.13/turn                K - ring "Leriunt" {rC+ rN+ Dex+2}

@: berserking (expiring), lethally poisoned (-7 -> -8), very quick
A: large, unfitting armour, tough skin 1
a: Renounce Religion, Evoke Invisibility, Berserk, Trog's Hand, Brothers in Arms


You were on level 10 of the Dungeon.
You worshipped Trog.
Trog was extremely pleased with you.
You visited 1 branch of the dungeon, and saw 10 of its levels.
You also visited: Sewer and Bailey.

You collected 576 gold pieces.
You spent 48 gold pieces at shops.


Innate Abilities, Weirdness & Mutations

You are too large for most types of armour.
You have tough skin. (AC +1)


   Skills:
 - Level 13.0 Fighting
 + Level 15.1 Maces & Flails
 - Level 2.6 Dodging


You had 11 spell levels left.
You didn't know any spells.
Your spell library was empty.

Inventory:

Hand Weapons
 q - a +1 giant club
   (You took it off an ogre on level 4 of the Dungeon)
 r - a +0 giant spiked club of draining (weapon)
   (You took it off an ogre on level 5 of the Dungeon)
 D - the +4 mace of Rumeesoe {venom, Drain Will++ Int+6}
   (You found it on level 8 of the Dungeon)

   It poisons the flesh of those it strikes.
   Int:       It affects your intelligence (+6).
   Drain:     It drains your maximum health when unequipped.
   Will:      It greatly increases your willpower.
Missiles
 g - 12 atropa-tipped darts (quivered)
 m - a silver javelin
 z - 2 throwing nets
 A - a silver boomerang
 J - 10 boomerangs
Armour
 i - a +2 hat (worn)
   (You found it on level 2 of the Dungeon)
 F - a scarf of invisibility (worn)
   (You found it on level 8 of the Dungeon)
 M - a +0 troll leather armour (worn)
   (You found it on level 10 of the Dungeon)
Jewellery
 e - a ring of see invisible (left hand)
   (You found it on level 1 of the Dungeon)
 f - an amulet of reflection (around neck)
   (You found it on level 2 of the Dungeon)
 n - a ring of ice
   (You found it on level 4 of the Dungeon)
 y - a ring of ice
   (You found it on level 5 of the Dungeon)
 K - the ring "Leriunt" (right hand) {rC+ rN+ Dex+2}
   (You found it in a bailey)

   [ring of positive energy]

   Dex:       It affects your dexterity (+2).
   rC:        It protects you from cold.
   rN:        It protects you from negative energy.
Wands
 B - a wand of polymorph (18)
   (You found it on level 8 of the Dungeon)
 C - a wand of mindburst (4)
   (You found it on level 10 of the Dungeon)
 G - a wand of paralysis (5)
   (You found it on level 9 of the Dungeon)
 N - a wand of light (7)
   (You found it on level 10 of the Dungeon)
 P - a wand of flame (8)
   (You found it on level 10 of the Dungeon)
Scrolls
 a - 2 scrolls of silence
 d - 2 scrolls of vulnerability
 p - a scroll of enchant armour
 s - 3 scrolls of fog
 u - 2 scrolls of magic mapping
 E - 3 scrolls of summoning
 H - a scroll of blinking
 I - a scroll of fear
Potions
 b - 2 potions of degeneration
 c - 3 potions of might
 h - 4 potions of resistance
 j - 2 potions of mutation
 k - a potion of berserk rage
 o - 3 potions of magic
 t - 6 potions of curing
 v - 2 potions of heal wounds
 w - a potion of attraction
 x - 4 potions of cancellation
 L - a potion of haste
 O - a potion of ambrosia {unknown}
Miscellaneous
 l - a box of beasts
   (You found it on level 10 of the Dungeon)

Dungeon Overview and Level Annotations

Branches:
Dungeon (10/15) Zot: 26201  Temple (0/1) D:4             Orc (0/2) D:9
  Sewer (visited)          Bailey (visited)
   Lair: D:8-11

Altars:
Ashenzari
Cheibriados
Fedhas
Hepliaklqana
Makhleb
Okawaru
Sif Muna
Uskayaw
Vehumet

Shops:
D:2 *   D:4 ?   D:6 (

Annotations:
D:3 exclusion: oklob plant
D:8 exclusion: orange crystal statue

.# .#.#
#.#.# #.#.#
#.#.# #y#.#
## #y#)#D#
## #y#)##
.# #@#.##.#
####...#
#.##..# #.
#.>...# #.#
###.### #.#
#.# #.#
##### #.#
#.###[..##
#.#
#.##<###.##
#.#


You could see an acid dragon (catching breath) and 3 killer bees.


Message History

You regained 3 hp, and now have 32/204 hp.
Your mp is fully restored (12).
You impale the troll!! The troll barely misses you. The troll claws you.
* * * LOW HITPOINT WARNING * * *
The troll claws you.
* * * LOW HITPOINT WARNING * * *
😱 HP[-7]
You take 7 damage, and now have 25/204 hp.
You crush the troll like a grape!!!
You feel the power of Trog in you as your rage grows.
You kill the troll!
Trog accepts your kill.
You block the howler monkey's attack. 😱 HP[+1] Unknown command.
You crush the howler monkey like a grape!!!
You kill the howler monkey!
Trog accepts your kill. 😱 HP[+1]
You impale the orc!!
You kill the orc!
Trog accepts your kill.
A killer bee comes into view. x2; A howler monkey comes into view. 😱 HP[+1] Unknown command.
You closely miss the howler monkey. The killer bee stings you.
* * * LOW HITPOINT WARNING * * *
A killer bee comes into view.
The howler monkey hoots and howls with incredible vigour!
The killer bee buzzes angrily.
You hear an angry buzzing noise.
You hear an angry hiss.
You hear a roar!
You hear a horrible gurgling sound!
You hear a shout!
You hear a roar!
You hear a howl! 😱 HP[-5]
You take 5 damage, and now have 23/204 hp.
You beat the howler monkey like a drum!!!
You kill the howler monkey!
Trog accepts your kill.
The killer bee stings you but does no damage.
Unknown command.
You closely miss the killer bee.
A killer bee comes into view.
The killer bee stings you.
* * * LOW HITPOINT WARNING * * *
You are poisoned.
The killer bee poisons you!
The killer bee barely misses you. 😱 HP[-2]
You take 2 damage, and now have 21/204 hp.
You puncture the killer bee! You drain the killer bee.
You kill the killer bee!
Trog accepts your kill.
You feel sick. 😱 HP[-1]
You take 1 damage, and now have 20/204 hp.
You miss the killer bee.
You feel sick. The killer bee barely misses you. The killer bee stings you.
* * * LOW HITPOINT WARNING * * *
Unknown command. 😱 HP[-1]
You take 1 damage, and now have 19/204 hp.
You completely miss the killer bee. The killer bee barely misses you.
Unknown command.
You puncture the killer bee! You drain the killer bee.
You feel sick.
The killer bee barely misses you. 😱 HP[+1]
You miss the killer bee.
You feel sick. You block the killer bee's attack.
Unknown command.
You miss the killer bee.
You feel sick. The killer bee stings you.
* * * LOW HITPOINT WARNING * * *
You are more poisoned.
The killer bee poisons you! The killer bee stings you.
* * * LOW HITPOINT WARNING * * *
You are more poisoned.
The killer bee poisons you! 😱 HP[-4]
You take 4 damage, and now have 16/204 hp.
You barely miss the killer bee.
You feel sick.
You block the killer bee's attack. 😱 HP[-2]
You take 2 damage, and now have 14/204 hp.
Unknown command.
You barely miss the killer bee.
You feel sick.
You block the killer bee's attack. 😱 HP[-1]
You take 1 damage, and now have 13/204 hp.
You closely miss the killer bee.
You feel very sick.
The killer bee stings you but does no damage.
The killer bee closely misses you.
An acid dragon comes into view. 😱 HP[-2]
You take 2 damage, and now have 11/204 hp.
Unknown command.
You closely miss the killer bee.
You feel sick.
The killer bee stings you but does no damage.
Unknown command.
You closely miss the killer bee.
You feel sick. The killer bee barely misses you.
The acid dragon spits acid at you. The splash of acid hits you!
You die...

Skill      XL: |  1  2  3  4  5  6  7  8  9 10 11 |
---------------+----------------------------------+-----
Maces & Flails | 3 4 5 6 7 9 12 15 | 15.1
Fighting       | 6 7 9 11 13 | 13.0
Dodging        | |  2.6

Action                   |  1- 3 |  4- 6 |  7- 9 | 10-12 || total
-------------------------+-------+-------+-------+-------++-------
Melee: Mace              |    73 |    67 |     2 |       ||   142
       Giant club        |       |       |   182 |       ||   182
       Giant spiked club |       |       |   200 |   315 ||   515
Invok: Berserk           |     1 |     1 |     2 |     6 ||    10
       Trog's Hand       |       |       |     1 |     1 ||     2
  Use: Scroll            |     3 |     4 |    16 |     5 ||    28
       Potion            |       |     1 |       |     3 ||     4
Armor: Animal skin       |    26 |     2 |       |       ||    28
       Robe              |       |    16 |   172 |   142 ||   330
       Troll leather arm |       |       |       |    17 ||    17
Dodge: Dodged            |    37 |    22 |   210 |   241 ||   510
Block: Other             |     4 |    25 |   124 |   120 ||   273
       Reflection        |       |     1 |     4 |     2 ||     7

Levels and vault maps discovered:
D:1:      elethiomel_arrival_infinity_welcomes_careful_drivers, layout_basic,
          shapermc_ecumenical_altar_hornbeckon, nicolae_figureground_sparkle
D:2:      layout_basic, serial_shops, nicolae_shop_hallway_stairs,
          roderic_lattice_a, uniq_sigmund
D:3:      layout_loops_ring, tgw_fedhas, mainiacjoe_overflow_brackets,
          dreamdust_princess_corridor, grunt_decor_arrowhead,
          minmay_misc_feat_room, grunt_ministairs_10
D:4:      layout_basic, gammafunk_temple_overflow_elements, temple_hall,
          serial_shops, kennysheep_mini_moat, kennysheep_generic_room_15,
          uniq_eustachio
D:5:      layout_loops_corners, nicolae_uskayaw_suspiria, gup_sewer_entry_glass
D:6:      layout_basic, cheibriados_altar_1, nicolae_shop_firing_range,
          uniq_prince_ribbit1
D:7:      layout_loops_corners, lemuel_coloured_pillars_altar,
          lemuel_doored_altar, serial_demonic, serial_demonic_b,
          serial_demonic_e, serial_demonic_d, serial_demonic_g,
          serial_bayou_pond_d, corexii_hall_statues_x
D:8:      minmay_separated_statues, layout_gridville, biasface_ghost_orc_armoury
D:9:      layout_loops_ring, nicolae_overflow_crystal_walls, david_orc_1_choice,
          mrwooster_statue_mirror
D:10:     minmay_imperfect_grid, layout_loops_ring, lair_entry_dummy,
          enter_bailey_3, minivault_13, uniq_harold

Notes
Turn   | Place    | Note
-------+----------+-------------------------------------------
     0 | D:1      | ytrimaz the Ogre Berserker began the quest for the Orb.
     0 | D:1      | Reached XP level 1. HP: 24/24 MP: 1/1
     0 | D:1      | magus.rc [v1.9.6]
   203 | D:1      | Reached skill level 3 in Maces & Flails
   203 | D:1      | Reached XP level 2. HP: 31/33 MP: 2/2
   738 | D:1      | Found a faded altar of an unknown god.
  1130 | D:2      | Identified a +2 robe of the Archmagi
  1130 | D:2      | Noticed Sigmund
  1145 | D:2      | Killed Sigmund
  1146 | D:2      | Reached skill level 6 in Fighting
  1146 | D:2      | Reached skill level 4 in Maces & Flails
  1146 | D:2      | Reached XP level 3. HP: 43/44 MP: 3/3
  1146 | D:2      | Reached XP level 4. HP: 51/52 MP: 4/4
  1146 | D:2      | Reached XP level 5. HP: 58/59 MP: 5/5
  1219 | D:2      | Found Vailac's General Store.
  1517 | D:2      | You fall into a shaft and drop 2 floors!
  1681 | D:4      | Noticed Eustachio
  1688 | D:4      | Noticed an ogre
  1701 | D:4      | Killed an ogre
  1702 | D:4      | Reached skill level 7 in Fighting
  1702 | D:4      | Reached XP level 6. HP: 34/71 MP: 6/6
  1704 | D:4      | Killed Eustachio
  1704 | D:4      | Reached ** piety under Trog
  1705 | D:4      | Reached skill level 5 in Maces & Flails
  1705 | D:4      | Reached XP level 7. HP: 32/78 MP: 7/7
  1707 | D:4      | HP: 27/117 [orc priest/+0 club (5)]
  1898 | D:4      | Found Wupheumm's Magic Scroll Shoppe.
  1901 | D:4      | Bought a scroll of identify for 24 gold pieces
  1901 | D:4      | Bought a scroll of identify for 24 gold pieces
  2014 | D:4      | Found a broken altar of Ashenzari.
  2014 | D:4      | Found a burning altar of Makhleb.
  2192 | D:4      | Reached skill level 8 in Fighting
  2520 | D:4      | Found a staircase to the Ecumenical Temple.
  2695 | D:3      | Found a blossoming altar of Fedhas.
  2709 | D:3      | Noticed an oklob plant
  3165 | D:3      | Reached skill level 6 in Maces & Flails
  3165 | D:3      | Found a shimmering blue altar of Sif Muna.
  3660 | D:5      | Entered Level 5 of the Dungeon
  3671 | D:5      | Found a glowing drain.
  3717 | D:5      | Reached skill level 9 in Fighting
  3717 | D:5      | Reached XP level 8. HP: 91/92 MP: 8/8
  3747 | Sewer    | Entered a sewer
  3759 | Sewer    | Reached *** piety under Trog
  4278 | D:5      | Found a hide-covered altar of Uskayaw.
  4510 | D:5      | Reached skill level 7 in Maces & Flails
  4559 | D:5      | Reached skill level 10 in Fighting
  4948 | D:6      | Found Gow Tyny's Firing Range.
  5383 | D:6      | Noticed Prince Ribbit
  5400 | D:6      | Killed Prince Ribbit
  5579 | D:6      | Reached skill level 11 in Fighting
  5579 | D:6      | Reached XP level 9. HP: 84/105 MP: 9/9
  5677 | D:6      | Found a snail-covered altar of Cheibriados.
  5805 | D:6      | Reached skill level 8 in Maces & Flails
  6923 | D:7      | Found a hazy altar of Hepliaklqana.
  7039 | D:7      | Reached skill level 12 in Fighting
  7072 | D:7      | Found an iron altar of Okawaru.
  7469 | D:8      | Reached skill level 9 in Maces & Flails
  7525 | D:8      | Reached **** piety under Trog
  7837 | D:8      | Noticed an ice statue
  7847 | D:8      | Killed an ice statue
  7848 | D:8      | Reached skill level 13 in Fighting
  7848 | D:8      | Reached XP level 10. HP: 119/119 MP: 10/10
  7965 | D:8      | HP: 26/115 [yak (5)]
  7970 | D:8      | HP: 22/115 [yak (4)]
  7975 | D:8      | HP: 25/115 [yak (6)]
  8226 | D:8      | Noticed an orange crystal statue
  8234 | D:8      | Identified the +4 mace of Rumeesoe {venom, Drain Will++
                  | Int+6}
  8291 | D:8      | Reached skill level 10 in Maces & Flails
  8620 | D:8      | Found a runed translucent gate.
  8622 | D:8      | Found a runed translucent gate.
  8623 | D:8      | Found a runed translucent gate.
  8624 | D:8      | Noticed ParallaxScroll's ghost (journeyman TeVM)
  8624 | D:8      | Identified the +5 chain mail of the Lumpy Places {*Corrode
                  | rPois Str+4 SInv}
  8672 | D:8      | Killed ParallaxScroll's ghost
  8673 | D:8      | Reached skill level 11 in Maces & Flails
  8967 | D:9      | Found a radiant altar of Vehumet.
  9078 | D:9      | Noticed a centaur warrior
  9085 | D:9      | Killed a centaur warrior
  9086 | D:9      | Reached skill level 12 in Maces & Flails
  9252 | D:9      | Found a staircase to the Orcish Mines.
  9306 | D:9      | Reached XP level 11. HP: 91/127 MP: 11/11
  9681 | D:9      | Reached skill level 13 in Maces & Flails
 10131 | D:10     | Entered Level 10 of the Dungeon
 10146 | D:10     | Found a flagged portal.
 10159 | Bailey   | Entered a bailey
 10230 | Bailey   | Reached ***** piety under Trog
 10329 | Bailey   | Identified the ring "Leriunt" {rC+ rN+ Dex+2}
 10357 | Bailey   | Found an iron altar of Okawaru.
 10515 | Bailey   | Identified the +8 short sword of Symmetry {vamp, rC+ Str+3
                  | Int+3}
 10799 | D:10     | Found a runed translucent door.
 10799 | D:10     | Noticed a deep troll
 10801 | D:10     | Noticed a boulder beetle
 10808 | D:10     | Killed a deep troll
 10812 | D:10     | Killed a boulder beetle
 10813 | D:10     | Reached skill level 14 in Maces & Flails
 10864 | D:10     | Noticed a frost giant
 10866 | D:10     | HP: 30/127 [frost giant/bolt of cold (13)]
 10872 | D:10     | Killed a frost giant
 11284 | D:10     | Received a gift from Trog
 11297 | D:10     | HP: 25/127 [steam dragon/ball of steam (11)]
 11299 | D:10     | Reached skill level 15 in Maces & Flails
 11303 | D:10     | Reached XP level 12. HP: 32/136 MP: 12/12
 11303 | D:10     | HP: 27/204 [troll (6)]
 11309 | D:10     | HP: 21/204 [killer bee (3)]
 11314 | D:10     | HP: 20/204 [poisoned by a killer bee]
 11319 | D:10     | HP: 11/204 [poisoned by a killer bee]
 11320 | D:10     | Killed from afar by an acid dragon

Vanquished Creatures
  A frost giant (D:10)
  The ghost of ParallaxScroll the Slicer, a journeyman TeVM of Vehumet (D:8)
  A centaur warrior (D:9)
  A boulder beetle (D:10)
  A deep troll (D:10)
  An ice statue (D:8)
  A gargoyle (D:10)
  3 trolls
  A meliai (shapeshifter) (D:10)
  A slime creature (D:10)
  Prince Ribbit (D:6)
  Sigmund (D:2)
  A wyvern (D:8)
  A basilisk (D:10)
  17 yaks
  Eustachio (D:4)
  A steam dragon (D:10)
  2 water moccasins
  2 wargs (D:9)
  A black bear (D:6)
  2 ice beasts
  A sky beast (D:7)
  10 orc warriors
  3 ogres
  3 centaurs
  A phantom (D:5)
  4 bullfrogs
  8 kobold brigands
  2 scorpions
  7 wights
  5 killer bees
  7 howler monkeys
  3 jellies
  2 hounds
  6 orc priests
  2 iguanas
  A gnoll bouda (D:6)
  10 orc wizards
  6 gnolls
  10 adders
  4 river rats (Sewer)
  3 white imps
  An ufetubus (D:5)
  3 worms
  A dart slug (D:5)
  40 orcs
  6 ball pythons
  5 endoplasms
  7 giant cockroaches
  11 goblins
  5 hobgoblins
  4 quokkas
  3 training dummies (D:6)
  4 bats
  3 frilled lizards
  25 kobolds
  5 rats
263 creatures vanquished.

Vanquished Creatures (others)
  An orc (D:8)
1 creature vanquished.

Grand Total: 264 creatures vanquished

Table legend:
 A = Non-vault XP
 B = Vault XP
 C = Vault XP percentage of total XP
 D = Non-vault monster count
 E = Vault monster count
 F = Vault count percentage of total count
                 A         B        C        D         E       F
            +---------+---------+-------+---------+---------+-------
      Total |    9322 |    9533 |  50.6 |     175 |      88 |  33.5
            +---------+---------+-------+---------+---------+-------
        D:1 |      27 |       0 |   0.0 |      16 |       0 |   0.0
        D:2 |      27 |     214 |  88.8 |      10 |       1 |   9.1
        D:3 |     107 |       3 |   2.7 |      16 |       2 |  11.1
        D:4 |     451 |     196 |  30.3 |      23 |       1 |   4.2
        D:5 |     514 |      33 |   6.0 |      11 |       5 |  31.2
        D:6 |     594 |     280 |  32.0 |      14 |       4 |  22.2
        D:7 |     856 |      21 |   2.4 |      18 |       2 |  10.0
        D:8 |    2201 |    1501 |  40.5 |      25 |       9 |  26.5
        D:9 |    3229 |     777 |  19.4 |      30 |       9 |  23.1
       D:10 |    1316 |    5540 |  80.8 |      12 |      22 |  64.7
      Sewer |       0 |     209 | 100.0 |       0 |      20 | 100.0
     Bailey |       0 |     759 | 100.0 |       0 |      13 | 100.0
            +---------+---------+-------+---------+---------+-------

Illustrated notes

Table legend:
 A = Kills in this place as a percentage of kills in entire the game.
 B = Kills by you in this place as a percentage of kills by you in the entire game.
 C = Kills by friends in this place as a percentage of kills by friends in the entire game.
 D = Other kills in this place as a percentage of other kills in the entire game.
 E = Experience gained in this place as a percentage of experience gained in the entire game.
 F = Experience gained in this place divided by the number of levels of this place that you have seen.
                   A       B       C       D       E      F
               +-------+-------+-------+-------+-------+----------------------
         Total | 100.0 | 100.0 |   N/A |   N/A | 100.0 | 1571.2
       Dungeon |  87.5 |  87.5 |   N/A |   N/A |  94.9 | 1788.7
         Sewer |   7.6 |   7.6 |   N/A |   N/A |   1.1 | 209.0
        Bailey |   4.9 |   4.9 |   N/A |   N/A |   4.0 | 759.0
               +-------+-------+-------+-------+-------+----------------------

Table legend: (Time is in decaauts)
 A = Elapsed time spent in this place.
 B = Non-inter-level travel time spent in this place.
 C = Inter-level travel time spent in this place.
 D = Time resting spent in this place.
 E = Time spent auto-exploring this place.
 F = Levels seen in this place.
 G = Mean time per level.
                   A        B        C        D        E       F      G
               +--------+--------+--------+--------+--------+-----+--------+
         Total |  11664 |  11470 |    194 |    212 |   9116 |  12 |  972.0 |
       Dungeon |  10857 |  10663 |    194 |    107 |   8732 |  10 | 1085.7 |
         Sewer |    381 |    381 |      0 |      0 |    196 |   1 |  381.0 |
        Bailey |    425 |    425 |      0 |    105 |    187 |   1 |  425.0 |
               +--------+--------+--------+--------+--------+-----+--------+

Top non-repeatable levels by time:
     D:8: 1695 daAuts
     D:7: 1486 daAuts
     D:4: 1208 daAuts
     D:9: 1202 daAuts
     D:1: 1040 daAuts
     D:3: 980 daAuts
     D:5: 978 daAuts
     D:6: 961 daAuts
    D:10: 797 daAuts
     D:2: 506 daAuts
  Bailey: 425 daAuts
   Sewer: 381 daAuts
